 Dungeon Crawl Stone Soup version 0.16.2-12-gd0ad4c3 (webtiles) character file.

9958 faibistes the Thaumaturge (level 11, -2/59 HPs)
             Began as a Deep Elf Wizard on June 27, 2018.
             Was a High Priest of Sif Muna.
             Slain by an eight-headed hydra (6 damage)
             ... on level 10 of the Dungeon on June 28, 2018.
             The game lasted 00:57:38 (14864 turns).

faibistes the Thaumaturge (Deep Elf Wizard)        Turns: 14864, Time: 00:57:41

Health: -2/59      AC: 13    Str:  7    XL:     11   Next: 29%
Magic:  17/33      EV: 21    Int: 30    God:    Sif Muna [*****.]
Gold:   605        SH:  0    Dex: 13    Spells: 7 memorised, 13 levels left

rFire  . . .     SeeInvis .     w - +2 dagger (venom)
rCold  . . .     Clarity  .     R - +2 robe {rN+}
rNeg   + . .     SustAb   .     (no shield)
rPois  .         Gourm    .     M - +2 helmet
rElec  .         Spirit   .     S - +0 cloak {+Inv}
rCorr  .         Warding  .     E - +2 pair of gloves {Str+3}
rMut   .         Stasis   .     y - +1 pair of boots
MR     +....                    (no amulet)
Stlth  ++........               P - +3 ring of intelligence
                                A - +5 ring of evasion

@: repel missiles, somewhat resistant to hostile enchantments, unstealthy
A: no striking features
a: Channel Energy, Forget Spell, Renounce Religion, Evoke Invisibility


You were on level 10 of the Dungeon.
You worshipped Sif Muna.
Sif Muna was extremely pleased with you.
You were not hungry.

You visited 2 branches of the dungeon, and saw 12 of its levels.
You also visited: Sewer.

You collected 720 gold pieces.
You spent 115 gold pieces at shops.

Inventory:

Hand weapons
 e - a +1 dagger
 g - a +2 short sword of draining
 w - a +2 dagger of venom (weapon)
Armour
 y - a +1 pair of boots (worn)
 E - a +2 pair of gloves of strength (worn)
 M - a +2 helmet (worn)
 R - a +2 robe of positive energy (worn)
 S - a +0 cloak of invisibility (worn)
Magical staves
 a - an uncursed staff of death
Jewellery
 A - a +5 ring of evasion (left hand)
 K - an uncursed ring of positive energy
 O - an uncursed ring of teleportation
 P - a +3 ring of intelligence (right hand)
Magical devices
 b - a wand of frost (31)
 o - a wand of polymorph (15)
 r - a wand of digging (8)
 v - a wand of lightning (5)
 B - a wand of confusion (32)
 F - a wand of confusion (19)
 I - a wand of polymorph (7)
 J - a wand of magic darts (14)
Scrolls
 i - 6 scrolls of recharging
 l - 4 scrolls of teleportation
 q - a scroll of blinking
 G - a scroll of remove curse
 H - a scroll of fear
 L - 3 scrolls of identify
Potions
 j - 6 potions of heal wounds
 k - a potion of agility
 m - a potion of ambrosia
 p - a potion of cancellation
 t - 2 potions of might
 u - 3 potions of restore abilities
 x - 5 potions of curing
 C - a potion of cure mutation
 Q - a potion of invisibility
Books
 c - a book of Minor Magic

   Spells                             Type                      Level
   a - Magic Dart                     Conjuration                  1
   b - Blink                          Translocation                2
   c - Call Imp                       Summoning                    2
   d - Repel Missiles                 Charms/Air                   2
   e - Slow                           Hexes                        2
   f - Conjure Flame                  Conjuration/Fire             3
   g - Mephitic Cloud                 Conjuration/Poison/Air       3
 z - a book of Ice

   Spells                             Type                      Level
   a - Ice Form                       Ice/Transmutation            4
   b - Metabolic Englaciation         Hexes/Ice                    5
   c - Ozocubu's Refrigeration        Ice                          6
   d - Bolt of Cold                   Conjuration/Ice              6
   e - Freezing Cloud                 Conjuration/Ice/Air          6
   f - Simulacrum                     Ice/Necromancy               6
Comestibles
 d - 10 bread rations
 f - a royal jelly
 h - 6 meat rations
 n - 6 beef jerkies
 s - 2 slices of pizza
 D - a fruit
 N - 6 chunks of flesh


   Skills:
 + Level 2.6 Fighting
 + Level 7.8 Dodging
 - Level 2.4 Stealth
 * Level 11.1 Spellcasting
 + Level 7.3 Conjurations
 - Level 4.0 Summonings
 - Level 2.4 Translocations
 * Level 7.0 Fire Magic
 * Level 6.8 Ice Magic
 - Level 3.3 Air Magic
 - Level 3.0 Poison Magic
 * Level 5.6 Invocations
 + Level 4.0 Evocations


You had 13 spell levels left.
You knew the following spells:

 Your Spells              Type           Power        Failure   Level  Hunger
a - Magic Dart            Conj           ####         1%          1    None
b - Conjure Flame         Conj/Fire      ######..     1%          3    None
c - Call Imp              Summ           #####...     1%          2    None
d - Blink                 Tloc           N/A          1%          2    None
e - Mephitic Cloud        Conj/Pois/Air  #####...     1%          3    None
f - Repel Missiles        Chrm/Air       ####..       2%          2    None
v - Bolt of Cold          Conj/Ice       ######....   30%         6    #####..


Dungeon Overview and Level Annotations

Branches:
Dungeon (11/15)            Temple (1/1) D:6            Lair (0/8) D:10
    Orc (0/4) D:10

Altars:
Ashenzari
Cheibriados
Dithmenos
Elyvilon
Fedhas
Gozag
Kikubaaqudgha
Makhleb
Nemelex Xobeh
Okawaru
Qazlal
Ru
Sif Muna
Trog
Vehumet
Xom
Yredelemnul
Zin
The Shining One

Shops:
D:10 [

Annotations:
D:11 Psyche


Message History

The eight-headed hydra misses you.
The eight-headed hydra bites you but does no damage. x2
Casting: Magic Dart
Confirm with . or Enter, or press ? or * to list all spells.
Aiming: Magic Dart
Press: ? - help, Shift-Dir - straight line, f/p - eight-headed hydra
Aim: an eight-headed hydra (flame, severely wounded)
The magic dart hits the eight-headed hydra.
The eight-headed hydra is almost dead.
The eight-headed hydra is engulfed in roaring flames.
The eight-headed hydra misses you. The eight-headed hydra bites you!
The eight-headed hydra bites you. The eight-headed hydra bites you!
* * * LOW HITPOINT WARNING * * *
The eight-headed hydra closely misses you.
The eight-headed hydra bites you!
* * * LOW HITPOINT WARNING * * *
The eight-headed hydra bites you.
* * * LOW HITPOINT WARNING * * *
The eight-headed hydra bites you.
You die...

.##..##. ... /....... ......
......D.. . . #.....# .##..#
#.... #.....# .##..##
#...#####.....## ......+
.##...##>.#...... ......#
.'.....#........# .Y....#
#.....'..##....# ......#D
...##@.##....# .##..##.
###'##D.##....#
+##..##'###.....§.......#
.#....+.........§...)...+
.+....#..##...##§.......#
.##B(###'##'####§.####..#
.##..##..##...##'#####..######+##
.###'##.........................#
..'..'...)...........<..........+


You could see an eight-headed hydra.

Vanquished Creatures
  The ghost of Tiareth the Magician, a powerful DgWz (D:8)
  A hill giant (D:10)
  Pikel (D:8)
  A cyclops (D:9)
  An elephant (D:10)
  The ghost of GammafunkIsRetarded the Skirmisher, an experienced HEIE of Yredelemnul (D:6)
  A centaur skeleton (D:10)
  A two-headed ogre (D:9)
  Prince Ribbit (D:8)
  The ghost of Tiareth the Insei, an average HEMo (D:3)
  2 wyverns
  3 yaks (D:9)
  A deep elf mage (D:9)
  2 hippogriffs (D:8)
  3 hungry ghosts
  Edmund (D:8)
  3 orc warriors
  2 necrophages (D:7)
  2 sky beasts
  4 ice beasts
  A phantom (D:8)
  5 ogres
  7 centaurs
  2 crocodiles
  Duvessa (D:6)
  A big kobold (Sewer)
  Blork the orc (D:8)
  3 giant frogs
  4 scorpions
  5 wights (D:8)
  A water moccasin skeleton (D:9)
  A killer bee (D:8)
  Dowan (D:6)
  5 crimson imps
  6 goliath beetles
  5 hounds
  2 giant frog skeletons
  A giant frog zombie (D:7)
  4 orc priests
  9 orc wizards
  7 iguanas
  Natasha (thrice) (D:6)
  An iron imp (D:6)
  A killer bee zombie (D:6)
  6 worker ants
  3 sheep (D:10)
  A hound zombie (D:8)
  2 hound skeletons
  2 mummies
  4 gnolls (D:3)
  17 adders
  5 river rats
  3 giant mites
  3 shadow imps
  A goliath beetle zombie (D:5)
  3 worms
  An adder skeleton (D:7)
  4 giant geckos
  An ooze (D:4)
  21 orcs
  A ball python (D:6)
  23 bats
  A bat skeleton (D:7)
  A bat zombie (D:7)
  24 goblins
  10 hobgoblins
  12 jackals
  20 kobolds
  6 quokkas
  8 giant cockroaches
  A giant gecko skeleton (D:4)
  7 giant newts
  3 giant spores
  A quokka zombie (D:5)
  23 rats
  3 ballistomycetes
331 creatures vanquished.

Vanquished Creatures (collateral kills)
  A killer bee (D:8)
  A scorpion (D:8)
  The ghost of faibistes the Magician, a weakling DEWz (Sewer)
  An adder (D:2)
  A bat (D:2)
  A hobgoblin (D:3)
  2 kobolds (D:1)
8 creatures vanquished.

Vanquished Creatures (others)
  4 slaves (D:8)
  2 bats
  A butterfly (D:6)
  4 toadstools (D:1)
11 creatures vanquished.

Grand Total: 350 creatures vanquished

Notes
Turn   | Place    | Note
--------------------------------------------------------------
     0 | D:1      | faibistes, the Deep Elf Wizard, began the quest for the Orb.
     0 | D:1      | Reached XP level 1. HP: 10/10 MP: 6/6
    87 | D:1      | You fall through a shaft!
    91 | D:2      | Reached XP level 2. HP: 9/15 MP: 2/10
   223 | D:1      | Learned a level 2 spell: Blink
   226 | D:1      | Learned a level 2 spell: Call Imp
   458 | D:1      | Reached skill level 5 in Spellcasting
   872 | D:1      | Reached XP level 3. HP: 19/19 MP: 12/14
   879 | D:1      | Learned a level 3 spell: Conjure Flame
   883 | D:1      | Learned a level 3 spell: Mephitic Cloud
  2003 | D:2      | Reached XP level 4. HP: 24/24 MP: 2/17
  2010 | D:2      | Learned a level 2 spell: Repel Missiles
  3269 | D:3      | Found a shadowy altar of Dithmenos.
  3398 | D:3      | Noticed Tiareth's ghost (average HEMo)
  3403 | D:3      | Killed Tiareth's ghost
  3403 | D:3      | Reached skill level 6 in Spellcasting
  3403 | D:3      | Reached XP level 5. HP: 28/28 MP: 10/21
  3403 | D:3      | Reached XP level 6. HP: 32/32 MP: 10/22
  3529 | D:3      | Found a deep blue altar of Sif Muna.
  3535 | D:3      | Became a worshipper of Sif Muna the Loreminder
  3719 | D:3      | Reached skill level 7 in Spellcasting
  4471 | D:5      | Entered Level 5 of the Dungeon
  4610 | D:5      | Found an ancient bone altar of Kikubaaqudgha.
  4714 | D:5      | Found a glowing drain.
  4805 | Sewer    | Entered a sewer
  4815 | Sewer    | Reached XP level 7. HP: 36/36 MP: 9/25
  4973 | Sewer    | Noticed faibistes' ghost (weakling DEWz)
  5029 | Sewer    | Killed faibistes' ghost
  5211 | Sewer    | Found a white marble altar of Elyvilon.
  5291 | D:6      | Noticed GammafunkIsRetarded's ghost (experienced HEIE)
  5313 | D:6      | Killed GammafunkIsRetarded's ghost
  5313 | D:6      | Acquired Sif Muna's first power
  5313 | D:6      | Reached skill level 5 in Dodging
  5313 | D:6      | Reached skill level 1 in Fire Magic
  5313 | D:6      | Reached skill level 1 in Air Magic
  5313 | D:6      | Reached skill level 1 in Poison Magic
  5386 | D:6      | Reached skill level 8 in Spellcasting
  5431 | D:6      | Reached skill level 5 in Conjurations
  5431 | D:6      | Reached XP level 8. HP: 41/41 MP: 19/27
  5466 | D:6      | Learned a level 6 spell: Bolt of Cold
  5479 | D:6      | Noticed Dowan
  5485 | D:6      | Noticed Duvessa
  5514 | D:6      | Killed Duvessa
  5554 | D:6      | Killed Dowan
  5573 | D:6      | Noticed Natasha
  5582 | D:6      | Killed Natasha
  5590 | D:6      | Acquired Sif Muna's second power
  5590 | D:6      | Reached skill level 1 in Ice Magic
  5611 | D:6      | Found a staircase to the Ecumenical Temple.
  6008 | D:6      | Found a sand-covered staircase.
  6971 | D:4      | Found a sparkling altar of Nemelex Xobeh.
  7573 | D:5      | Reached XP level 9. HP: 45/45 MP: 23/29
  7593 | D:5      | Reached skill level 9 in Spellcasting
  8031 | D:6      | Noticed Natasha
  8035 | D:6      | Killed Natasha
  8109 | D:6      | Noticed Natasha
  8112 | D:6      | Killed Natasha
  9226 | D:7      | Found a glowing golden altar of the Shining One.
  9226 | D:7      | Found an opulent altar of Gozag.
  9320 | Temple   | Entered the Ecumenical Temple
 10054 | D:7      | Reached skill level 1 in Invocations
 10406 | D:8      | Reached skill level 1 in Fighting
 10406 | D:8      | Reached skill level 1 in Evocations
 10476 | D:8      | Noticed Edmund
 10484 | D:8      | Killed Edmund
 10809 | D:8      | Acquired Sif Muna's third power
 10942 | D:8      | Noticed Prince Ribbit
 10950 | D:8      | Killed Prince Ribbit
 10950 | D:8      | Reached skill level 5 in Fire Magic
 10950 | D:8      | Reached XP level 10. HP: 39/52 MP: 21/31
 11204 | D:8      | Noticed Pikel
 11211 | D:8      | Killed Pikel
 11211 | D:8      | Reached skill level 10 in Spellcasting
 11211 | D:8      | Reached skill level 5 in Ice Magic
 11310 | D:8      | Noticed Tiareth's ghost (powerful DgWz)
 11331 | D:8      | Killed Tiareth's ghost
 11399 | D:8      | Noticed Blork the orc
 11410 | D:8      | Killed Blork the orc
 11817 | D:8      | Found a shimmering altar of Xom.
 12962 | D:10     | Entered Level 10 of the Dungeon
 13047 | D:9      | Noticed a cyclops
 13061 | D:9      | Killed a cyclops
 13525 | D:9      | Reached skill level 5 in Invocations
 13538 | D:9      | Reached XP level 11. HP: 57/57 MP: 9/32
 14112 | D:10     | Found a staircase to the Orcish Mines.
 14112 | D:10     | Found Paofyrha's Armour Shop.
 14271 | D:10     | Noticed an elephant
 14284 | D:10     | Killed an elephant
 14376 | D:10     | Bought a +0 cloak of invisibility for 115 gold pieces
 14405 | D:10     | Found a staircase to the Lair.
 14564 | D:11     | Reached skill level 11 in Spellcasting
 14663 | D:10     | Noticed an eight-headed hydra
 14696 | D:10     | Noticed a hill giant
 14709 | D:10     | Killed a hill giant
 14838 | D:11     | Noticed Psyche
 14864 | D:10     | Slain by an eight-headed hydra

Action                   |  1- 3 |  4- 6 |  7- 9 | 10-12 || total
-------------------------+-------+-------+-------+-------++-------
Melee: Dagger            |    12 |     9 |   106 |   130 ||   257
       Short sword       |       |       |    70 |       ||    70
 Cast: Magic Dart        |    98 |   143 |   307 |   258 ||   806
       Call Imp          |     5 |     3 |     3 |       ||    11
       Mephitic Cloud    |     3 |     9 |    33 |    25 ||    70
       Conjure Flame     |     2 |     6 |    57 |    67 ||   132
       Repel Missiles    |       |     1 |     2 |       ||     3
       Blink             |       |       |    15 |    12 ||    27
Invok: Channel Energy    |       |       |     4 |     2 ||     6
Evoke: Wand              |       |       |     5 |       ||     5
  Use: Scroll            |     1 |    11 |     8 |     2 ||    22
       Potion            |       |       |     1 |       ||     1
 Stab: Confused          |       |     1 |    11 |     2 ||    14
       Sleeping          |       |       |     1 |     1 ||     2
  Eat: Chunk             |     3 |     8 |    18 |    12 ||    41
       Fruit             |       |     1 |     2 |       ||     3
